Selects Airborne Battlegroup
Selects Heavy Machine Gun Paradrop
Heavy Machine Gun Paradrop
Construct Weapon Support Center
Heavy Machine Gun Paradrop
M3 Armored Personnel Carrier
Construct Medical Station
Selects Paratrooper Squad Paradrop
Paratrooper Squad Paradrop
Heavy Machine Gun Paradrop
Selects Anti-tank Gun Team Paradrop
Selects Paradrop Reinforcements
Paratrooper Squad Paradrop
Anti-tank Gun Team Paradrop
M18 Hellcat Tank Destroyer
Heavy Machine Gun Paradrop
M18 Hellcat Tank Destroyer
Paratrooper Squad Paradrop
Selects Dual P-47 Rocket Strike
M4(105) Sherman Bulldozer
Paratrooper Squad Paradrop
M18 Hellcat Tank Destroyer
Anti-tank Gun Team Paradrop
Heavy Machine Gun Paradrop
Anti-tank Gun Team Paradrop
Heavy Machine Gun Paradrop
Heavy Machine Gun Paradrop